Map: Deathaura LE

Players

MaSa

  • Race: Terran Terran
  • League: Master
  • Spawn Location: 11:00

Astrea - Winner!

  • Race: Protoss Protoss
  • League: Master
  • Spawn Location: 5:00

Event: DreamHack SC2 Masters 2020 Fall

VOD

Have the link to the VOD?

Description

Time

  • Played on: Sept. 4, 2020, 6:21 p.m.
  • Length: 13:07

All games in this series

Show
View Real Time Build Order
Export as new Build Order

MaSa Terran 

Build Orders:  

Get SALT Encoding   

  12  0:00  SCV  
  13  0:12  SCV  
  14  0:17  Supply Depot  
  14  0:24  SCV  
  15  0:38  Barracks, SCV  
  16  0:44  Refinery  
  16  0:50  SCV  
  16  0:54  Refinery  
  17  1:02  SCV  
  18  1:14  SCV  
  19  1:25  Reaper  
  19  1:27  Orbital Command  
  20  1:41  Factory  
  20  1:48  Supply Depot  
  20  1:52  SCV  
  21  1:57  Reaper  
  22  2:04  SCV  
  23  2:17  SCV  
  24  2:28  Hellion  
  26  2:32  SCV  
  26  2:40  Command Center, Starport  
  26  2:44  Supply Depot  
  26  2:45  SCV  
  26  2:50  Widow Mine  
  29  2:57  SCV  
  30  3:09  SCV  
  30  3:11  Widow Mine  
  33  3:14  Barracks Reactor  
  33  3:16  Medivac  
  35  3:21  SCV, Supply Depot  
  36  3:29  Armory  
  36  3:33  SCV  
  37  3:36  Widow Mine  
  39  3:41  Refinery  
  39  3:45  SCV  
  39  3:46  Starport Tech Lab  
  40  3:52  Orbital Command  
  40  3:53  Marine  
  40  3:54  Marine  
  42  3:57  SCV  
  43  4:04  Factory Tech Lab  
  43  4:09  SCV  
  44  4:18  Command Center  
  44  4:31  Raven  
  46  4:32  SCV x2  
  46  4:33  Marine x2  
  46  4:38  Siege Tank  
  49  4:47  Barracks  
  49  4:49  Barracks, SCV  
  49  4:50  SCV  
  51  4:55  Marine x2  
  51  4:56  Bunker  
  53  5:03  Bunker  
  53  5:10  SCV  
  53  5:13  Viking, Marine x2  
  58  5:15  SCV  
  58  5:20  Supply Depot  
  57  5:21  Siege Tank  
  57  5:25  SCV  
  59  5:31  Orbital Command  
  57  5:38  SCV  
  54  5:50  Marine x4  
  54  5:53  Siege Tank  
  54  5:55  SCV  
  55  5:57  SCV  
  52  6:06  SCV  
  52  6:08  SCV, Marine x2  
  56  6:14  SCV  
  56  6:16  Barracks  
  56  6:17  Barracks  
  56  6:19  Engineering Bay, Supply Depot  
  56  6:20  SCV  
  56  6:21  Starport Reactor  
  56  6:22  Stimpack  
  57  6:29  Barracks Tech Lab  
  53  6:33  SCV  
  53  6:34  Marauder, Marine x2  
  53  6:35  SCV  
  53  6:36  SCV  
  58  6:45  SCV, Terran Infantry Weapons Level 1  
  58  6:46  Refinery  
  59  6:47  Siege Tank, SCV  
  59  6:52  Missile Turret  
  65  6:54  Marauder, Marine  
  65  6:55  SCV  
  65  6:56  Marine  
  65  7:01  SCV x2  
  69  7:08  Barracks Tech Lab  
  69  7:09  Medivac, Barracks Reactor  
  69  7:12  SCV  
  69  7:13  SCV, Marine  
  69  7:14  Marauder  
  74  7:16  SCV  
  74  7:19  Supply Depot  
  74  7:20  Marine  
  74  7:21  Supply Depot  
  75  7:24  Orbital Command  
  75  7:25  SCV  
  75  7:28  SCV  
  77  7:30  Marauder, Supply Depot  
  77  7:36  Medivac  
  80  7:38  SCV  
  80  7:41  Marauder x2  
  85  7:46  Siege Tank  
  85  7:48  SCV  
  85  7:50  SCV  
  90  7:51  Marauder  
  90  7:52  Marine x2  
  90  7:53  Marine x2  
  90  7:54  Medivac  
  90  7:56  SCV  
  99  8:00  SCV, Refinery  
  99  8:03  Marauder  
  99  8:05  Missile Turret  
  102  8:08  Bunker, SCV x2  
  102  8:10  Medivac  
  105  8:13  Marine x3  
  105  8:19  Supply Depot  
  108  8:21  Supply Depot  
  108  8:23  SCV  
  108  8:24  Marauder, SCV x2  
  113  8:27  Supply Depot  
  113  8:30  Combat Shield, Supply Depot  
  113  8:34  Siege Tank, Marine  
  113  8:40  SCV x3, Marine  
  121  8:42  Terran Infantry Armor Level 1  
  121  8:43  Marine  
  121  8:45  Marauder  
  121  8:47  Marauder  
  125  8:50  Marauder  
  125  8:52  SCV  
  125  8:53  Supply Depot  
  125  8:55  Marine x2  
  129  8:56  Concussive Shells  
  129  8:58  Medivac  
  129  9:00  Supply Depot  
  131  9:05  Marine x2  
  131  9:06  Marauder  
  131  9:08  Marauder  
  131  9:09  SCV x3  
  140  9:15  Marine x2  
  140  9:17  Siege Tank  
  140  9:21  SCV x3  
  146  9:26  Missile Turret, Marauder, Marine x2  
  146  9:29  Missile Turret  
  150  9:34  Marauder  
  150  9:35  Supply Depot  
  150  9:36  Supply Depot  
  150  9:37  Supply Depot  
  151  9:40  Marine  
  151  9:41  Marauder, Marine  
  155  9:48  Marauder, Marine  
  155  9:51  Medivac  
  160  9:56  Siege Tank, Marauder  
  165  10:02  Viking, Marauder  
  165  10:03  Marine x2  
  164  10:09  SCV, Marauder  
  162  10:17  Marauder  
  164  10:22  Marine  
  164  10:23  Marine x2  
  164  10:24  Marauder  
  149  10:29  Viking  
  149  10:31  Marauder  
  149  10:34  Viking, Marine  
  149  10:38  Marine  
  149  10:45  Marauder  
  149  10:49  SCV x2  
  145  10:53  Marine  
  145  10:54  Marauder  
  145  10:59  Viking  
  136  11:07  Viking  
  138  11:14  Marauder x2, Marine x3  
  148  11:18  Siege Tank  
  148  11:20  Marine  
  148  11:21  Marine  
  147  11:31  Marine  
  147  11:32  Marine x2  
  144  11:35  Marauder  
  144  11:36  Marauder  
  144  11:39  Marauder  
  145  11:42  Marine  
  144  11:49  Marine x2  
  144  11:50  Siege Tank  
  144  11:52  Marine  
  150  11:57  Marauder x2  
  150  11:58  Missile Turret  
  150  12:00  Marauder, Marine  
  147  12:03  SCV  
  147  12:04  SCV x2  
  147  12:07  Marine x2  
  132  12:14  Marine  
  124  12:17  Marine  
  124  12:18  Marauder x2  
  124  12:21  Marine  
  125  12:25  Marine x2  
  125  12:29  Orbital Command  
  123  12:31  Marine  
  123  12:35  Marine  
  118  12:39  Marauder  
  118  12:40  Marauder  
  118  12:43  Marauder, Marine  
  121  12:48  Missile Turret  
Show
View Real Time Build Order
Export as new Build Order

Astrea Protoss - Winner!

Build Orders: 1 Gate Expand, Blink Stalkers 

Get SALT Encoding   

  12  0:00  Probe  
  13  0:12  Probe  
  14  0:18  Pylon  
  14  0:24  Probe  
  15  0:37  Probe (Chrono Boost)  
  15  0:39  Gateway  
  16  0:46  Assimilator, Probe (Chrono Boost)  
  17  0:51  Probe (Chrono Boost)  
  18  1:03  Probe  
  19  1:15  Probe  
  20  1:26  Cybernetics Core  
  20  1:34  Nexus  
  20  1:39  Zealot (Chrono Boost)  
  22  1:45  Pylon  
  22  1:48  Probe  
  23  1:54  Assimilator  
  23  2:03  Probe, Stalker (Chrono Boost)  
  26  2:09  Warp Gate  
  26  2:15  Probe  
  27  2:27  Probe  
  28  2:30  Stalker  
  30  2:40  Probe (Chrono Boost)  
  31  2:45  Twilight Council  
  31  2:48  Probe (Chrono Boost)  
  33  2:52  Probe (Chrono Boost)  
  33  2:57  Probe (Chrono Boost)  
  34  2:59  Probe (Chrono Boost)  
  34  3:02  Probe (Chrono Boost)  
  35  3:06  Probe  
  35  3:08  Shield Battery  
  36  3:14  Probe  
  36  3:16  Robotics Facility  
  36  3:18  Probe  
  38  3:26  Shield Battery, Probe  
  39  3:29  Blink (Chrono Boost)  
  39  3:30  Probe  
  40  3:39  Gateway, Probe  
  41  3:42  Probe  
  41  3:47  Gateway  
  42  3:52  Probe  
  42  3:54  Probe  
  44  3:56  Pylon  
  44  4:04  Observer (Chrono Boost), Probe  
  44  4:08  Pylon  
  46  4:14  Probe  
  46  4:15  Stalker  
  46  4:16  Probe  
  50  4:17  Assimilator  
  50  4:18  Warp Prism (Chrono Boost)  
  52  4:26  Probe  
  52  4:28  Probe  
  50  4:38  Probe, Stalker  
  52  4:39  Pylon  
  52  4:40  Probe  
  52  4:43  Stalker  
  56  4:48  Pylon  
  56  4:53  Observer (Chrono Boost)  
  56  4:54  Probe x2  
  56  4:56  Stalker  
  58  5:07  Stalker  
  58  5:08  Pylon  
  60  5:19  Stalker x2  
  64  5:22  Probe x2  
  64  5:27  Assimilator  
  66  5:34  Probe x2  
  68  5:41  Stalker  
  70  5:44  Stalker  
  70  5:45  Stalker  
  71  5:50  Probe  
  71  5:52  Observer, Probe  
  62  6:11  Stalker  
  62  6:12  Stalker x2  
  68  6:22  Probe x2  
  68  6:25  Nexus  
  70  6:26  Pylon  
  64  6:34  Probe x2  
  64  6:38  Observer  
  66  6:42  Stalker x2  
  66  6:43  Stalker  
  66  6:46  Probe x2  
  70  6:50  Forge, Robotics Bay  
  70  6:52  Charge  
  70  6:53  Forge  
  70  6:58  Probe x2 (Chrono Boost)  
  72  7:05  Observer  
  74  7:10  Probe x2 (Chrono Boost)  
  74  7:15  Probe x2 (Chrono Boost)  
  74  7:19  Protoss Ground Weapons Level 1 (Chrono Boost)  
  74  7:22  Observer  
  76  7:24  Probe  
  76  7:25  Probe  
  76  7:29  Protoss Ground Armor Level 1 (Chrono Boost)  
  76  7:34  Colossus (Chrono Boost)  
  76  7:36  Probe  
  76  7:37  Probe  
  78  7:38  Extended Thermal Lance, Observer  
  84  7:44  Sentry  
  84  7:45  Probe  
  84  7:49  Probe x2  
  89  7:52  Observer, Gateway x2  
  89  7:54  Gateway  
  89  7:57  Probe  
  90  8:01  Probe x2  
  92  8:07  Observer  
  92  8:09  Zealot, Sentry, Probe  
  92  8:10  Zealot, Gateway x2, Assimilator  
  92  8:11  Assimilator  
  99  8:13  Probe  
  100  8:20  Gateway  
  100  8:21  Pylon  
  100  8:24  Nexus  
  100  8:26  Colossus (Chrono Boost)  
  106  8:36  Sentry  
  108  8:43  Zealot x2, Pylon  
  112  8:55  Zealot x2, Pylon  
  112  9:02  Pylon  
  116  9:05  Probe x3  
  119  9:12  Colossus (Chrono Boost)  
  125  9:18  Protoss Ground Armor Level 2 (Chrono Boost), Gravitic Drive  
  125  9:26  Robotics Facility, Probe x3  
  125  9:27  Zealot, Protoss Ground Weapons Level 2 (Chrono Boost)  
  125  9:30  Zealot x2  
  125  9:31  Zealot x4, Observer  
  141  9:36  Probe  
  141  9:38  Probe x3  
  143  9:47  Dark Shrine  
  143  9:48  Probe  
  143  9:50  Photon Cannon  
  143  9:51  Pylon  
  144  9:53  Shield Battery  
  144  10:06  Disruptor (Chrono Boost)  
  140  10:10  Stalker x7  
  153  10:14  Disruptor (Chrono Boost)  
  154  10:32  Pylon  
  154  10:35  Pylon  
  154  10:36  Pylon  
  146  10:43  Disruptor  
  146  10:45  Disruptor  
  144  10:55  Zealot x8  
  154  11:02  Nexus  
  154  11:12  Pylon  
  154  11:14  Gateway, Pylon x2  
  154  11:16  Pylon  
  148  11:19  Disruptor, Dark Templar x5  
  148  11:20  Shadow Stride, Dark Templar  
  163  11:29  Disruptor  
  163  11:31  Zealot  
  163  11:32  Zealot  
  144  11:55  Disruptor, Stalker x7  
  151  12:14  Disruptor  
  151  12:19  Dark Templar  
  151  12:20  Dark Templar  
  155  12:24  Zealot x7  
  166  12:50  Dark Templar x3  

Tags
 
Add a new tag
Caveats
  • Supply blocks, unpowered buildings, or Contaminate may cause inaccurate times.
  • Supply counts are checked every 10 seconds.